 Dungeon Crawl Stone Soup version 0.32-a0-306-gfed3edf829 (webtiles) character file.

Game seed: 13118506128242775486

326 horus123 the Digger (level 6, -4/41 HPs)
             Began as a Demonspawn Earth Elementalist on Feb 15, 2024.
             Slain by Duvessa
             ... wielding a +0 short sword
              (16 damage)
             ... on level 4 of the Dungeon.
             The game lasted 00:04:25 (2708 turns).

horus123 the Digger (Demonspawn Earth Elementalist) Turns: 2708, Time: 00:04:26

Health: -4/41      AC:  2    Str:  9    XL:     6   Next: 24%
Magic:  9/12       EV: 14    Int: 23    God:
Gold:   157        SH:  0    Dex: 13    Spells: 9/13 levels left

rFire   . . .        c - +0 dagger
rCold   . . .        (no shield)
rNeg    . . .        a - +0 robe
rPois   .            (no helmet)
rElec   .            (no cloak)
rCorr   .            (no gloves)
SInv    .            (no boots)
Will    .....        (no amulet)
Stlth   ++           g - +6 ring of intelligence
HPRegen 0.26/turn    (no ring)
MPRegen 0.13/turn

%: no passive effects
@: brilliant
A: repulsion field 1, ignite blood 1, spiny 1, weakness stinger 1
a: no special abilities


You were on level 4 of the Dungeon.
You visited 1 branch of the dungeon, and saw 4 of its levels.

You collected 157 gold pieces.

Inventory:

Hand Weapons
 c - a +0 dagger (weapon)
Missiles
 e - 6 boomerangs
Armour
 a - a +0 robe (worn)
Jewellery
 g - a +6 ring of intelligence (left hand)
Scrolls
 d - 2 scrolls of amnesia
 j - a scroll of immolation
 k - a scroll of vulnerability {unknown}
 p - a scroll of acquirement {unknown}
 q - 2 scrolls of teleportation
Potions
 b - a potion of magic
 i - 2 potions of brilliance
 l - a potion of attraction {unknown}
 m - a potion of might {unknown}
 n - a potion of enlightenment {unknown}
 o - 3 potions of curing {unknown}
 r - 3 potions of heal wounds {unknown}


   Skills:
 - Level 1.7 Dodging
 - Level 1.7 Stealth
 - Level 4.0 Spellcasting
 - Level 1.0 Conjurations
 + Level 5.4 Earth Magic


You had 9 spell levels left.
You knew the following spells:

 Your Spells              Type           Power      Damage    Failure   Level
a - Sandblast             Erth           88%        2d18      1%          1
b - Stone Arrow           Conj/Erth      58%        3d10      9%          3

Your spell library contained the following spells:

 Spells                   Type           Power      Damage    Failure   Level
 Passwall                 Erth           44%        N/A       3%          3
 Brom's Barrelling Bould  Conj/Erth      29%        2d5       28%         4
 Petrify                  Alch/Erth      25%        N/A       34%         4


Dungeon Overview and Level Annotations

Branches:
Dungeon (4/15)
 Temple: D:4-7

Altars:

Shops:
D:2 !

Annotations:
D:4 Duvessa


Innate Abilities, Weirdness & Mutations

You are surrounded by a mild repulsion field. (EV +2)
Your demonic aura sometimes causes spilled blood to erupt in flames.
You are partially covered in sharp spines.
You have a small tail.


Message History

The blast of sand hits the goblin!
You kill the goblin!
Magic restored.
Found 8 stones.
No target in view!
Found a stone staircase leading down.
Found a stone staircase leading down.
No target in view!
Duvessa and Dowan come into view.
Found 10 gold pieces.
Dowan shouts!
The blast of sand hits Dowan!
Dowan is severely wounded.
Duvessa shouts!
Dowan points at you and mumbles some strange words.
The puff of flame hits you!
A goblin comes into view. It is wielding a +0 dagger.
Found a glowing purple potion.
Okay, then.
Okay, then.
The blast of sand hits Dowan!
You kill Dowan!
Duvessa screams, "No!
How DARE you!"
Duvessa goes berserk!
Duvessa rages.
The blast of sand hits Duvessa!
Duvessa is lightly wounded.
The goblin shouts!
Duvessa closely misses you. Duvessa hits you with a +0 short sword.
You feel clever all of a sudden. Duvessa is struck by your spines.
Duvessa hits you with a +0 short sword.
Aiming: Sandblast (safe; 1% risk of failure)
Press: ? - help, Q - select action, (/) - cycle Shift-Dir - straight line, f/p - Duvessa
Aim: Duvessa, wielding a +0 short sword and wearing a +0 leather armour (moderately wounded, berserk, 87% to hit)
You feel a surge of power!
The blast of sand hits Duvessa!!
Duvessa is heavily wounded.
Duvessa hits you with a +0 short sword!
* * * LOW HITPOINT WARNING * * *
Duvessa hits you with a +0 short sword!
You die...

############
#...!..g...# #.# #@#
#.# #e# #.# #.# #.#
###)#####
#####.######...>...#
#.................>.$.
##<##..##.###.#.###....
#...#..##.# #.#.# ###
##...#..##.# #.#.#


You could see Duvessa (berserk) and a goblin.

Vanquished Creatures
  Sigmund (D:2)
  Dowan (D:4)
  3 gnolls (D:3)
  3 dart slugs
  3 bats
  3 endoplasms
  3 giant cockroaches
  4 goblins
  2 hobgoblins (D:3)
  5 kobolds
  2 quokkas
  A ball python (D:3)
  12 frilled lizards
  8 rats
51 creatures vanquished.

Notes
Turn   | Place    | Note
-------+----------+-------------------------------------------
     0 | D:1      | horus123 the Demonspawn Earth Elementalist began the quest
                  | for the Orb.
     0 | D:1      | Reached XP level 1. HP: 13/13 MP: 3/3
   210 | D:1      | Gained mutation: You are partially covered in sharp spines.
                  | [demonic ancestry]
   210 | D:1      | Reached XP level 2. HP: 19/19 MP: 0/5
   649 | D:1      | Gained mutation: You have a small tail. [demonic ancestry]
   649 | D:1      | Reached XP level 3. HP: 24/24 MP: 5/7
  1003 | D:2      | Identified the +1 cloak "Pit Ocuuwn" {rPois rF+ Int-4
                  | Dex+3}
  1003 | D:2      | Noticed Sigmund
  1006 | D:2      | Killed Sigmund
  1007 | D:2      | Reached skill level 4 in Earth Magic
  1007 | D:2      | Gained mutation: You are surrounded by a mild repulsion
                  | field. (EV +2) [demonic ancestry]
  1007 | D:2      | Reached XP level 4. HP: 7/30 MP: 6/10
  1007 | D:2      | Gained mutation: Your demonic aura sometimes causes spilled
                  | blood to erupt in flames. [demonic ancestry]
  1007 | D:2      | Reached XP level 5. HP: 9/35 MP: 6/11
  1170 | D:2      | Learned a level 3 spell: Stone Arrow
  1544 | D:2      | Found a faded altar of an unknown god.
  1618 | D:2      | Found Nairaxt's Distillery.
  2159 | D:3      | Reached skill level 5 in Earth Magic
  2246 | D:3      | Reached XP level 6. HP: 41/41 MP: 10/12
  2699 | D:4      | Noticed Duvessa
  2699 | D:4      | Noticed Dowan
  2705 | D:4      | Killed Dowan
  2708 | D:4      | Slain by Duvessa

Illustrated notes

Levels and vault maps discovered:
D:1:      sevenhm_arrival_forest_fort_small_4, layout_loops_ring, nrook_campfire
D:2:      layout_loops_ring, serial_aquarium, aquarium_bridge_straight
          [aquarium_subvault_bridge, aquarium_subvault_balcony,
          aquarium_subvault_bridge, aquarium_subvault_wall],
          aquarium_bridge_long_joined [aquarium_subvault_wall,
          aquarium_subvault_window, aquarium_subvault_bridge,
          aquarium_subvault_wall, aquarium_subvault_bridge,
          aquarium_subvault_window], aquarium_window_corner,
          aquarium_window_fake, aquarium_window_corridor_3,
          aquarium_window_fake, aquarium_view_2b, aquarium_view_2d,
          serial_shops, nicolae_shop_window_shopping,
          shapermc_ecumenical_altar_ellora, minmay_lizard_pond, uniq_sigmund
D:3:      layout_rooms, minmay_misc_feat_x
D:4:      layout_loops_ring, grunt_qazlal_clouds, minmay_shop_mayhem,
          uniq_pikel, uniq_grinder, uniq_eustachio, uniq_edmund, uniq_menkaure,
          uniq_duvessa

Skill      XL: |  1  2  3  4  5 |
---------------+----------------+-----
Spellcasting   | 3 4 |  4.0
Earth Magic    | 4 5 |  5.4
Dodging        | |  1.7
Stealth        | |  1.7
Conjurations   | |  1.0

Action                     |  1- 3 |  4- 6 || total
---------------------------+-------+-------++-------
  Melee: Dagger            |       |     6 ||     6
         Tailslap          |       |     3 ||     3
   Cast: Sandblast         |    27 |    44 ||    71
    Use: Scroll            |       |     5 ||     5
         Potion            |       |     1 ||     1
 Armour: Robe              |     3 |    10 ||    13
  Dodge: Dodged            |     1 |     6 ||     7

Table legend: (Time is in decaauts)
 A = Elapsed time spent in this place.
 B = Non-inter-level travel time spent in this place.
 C = Inter-level travel time spent in this place.
 D = Time resting spent in this place.
 E = Time spent auto-exploring this place.
 F = Levels seen in this place.
 G = Mean time per level.
                   A        B        C        D        E       F      G
               +--------+--------+--------+--------+--------+-----+--------+
         Total |   2749 |   2639 |    110 |    126 |   2218 |   4 |  687.2 |
       Dungeon |   2749 |   2639 |    110 |    126 |   2218 |   4 |  687.2 |
               +--------+--------+--------+--------+--------+-----+--------+

Top non-repeatable levels by time:
     D:2: 1240 daAuts
     D:1: 873 daAuts
     D:3: 599 daAuts
     D:4: 35 daAuts
